 Dungeon Crawl Stone Soup version 0.30-a0-292-g0f741e3f8e (webtiles) character file.

Game seed: 17161470492204263693

1945 plokij the Slasher (level 8, -6/105 (106) HPs)
             Began as a Minotaur Fighter on Oct 17, 2022.
             Killed by divine providence
             ... invoked by an orc priest
              (14 damage)
             ... on level 6 of the Dungeon.
             The game lasted 00:20:02 (5288 turns).

plokij the Slasher (Minotaur Fighter)               Turns: 5288, Time: 00:20:03

HP:   -6/105 (106)  AC: 24    Str: 21    XL:     8   Next: 98%
MP:   0/7           EV:  2    Int:  5    God:
Gold: 180           SH:  5    Dex: 12    Spells: 7/7 levels left

rFire   . . .      SeeInvis .    a - +0 long sword
rCold   . . .      Faith    .    c - +0 buckler
rNeg    . . .      Spirit   +    (body armour currently unavailable)
rPois   +          Reflect  .    (helmet currently unavailable)
rElec   .          Harm     .    (cloak currently unavailable)
rCorr   .          Rampage  .    (gloves currently unavailable)
Will    .....      NoTele   +    (boots currently unavailable)
Stlth   +.........               t - amulet of guardian spirit
HPRegen 0.37/turn                (no ring)
MPRegen 0.10/turn                (no ring)

@: mighty, tree-form, lightly drained
A: stationary, stasis, torment immunity, boosted hp, (horns 2), (retaliatory
headbutt)
a: no special abilities


You were on level 6 of the Dungeon.
You were a tree.
You visited 1 branch of the dungeon, and saw 6 of its levels.
You also visited: Sewer.

You collected 180 gold pieces.

Inventory:

Hand Weapons
 a - a +0 long sword (weapon)
Armour
 c - a +0 buckler (worn)
 z - a +2 ring mail of poison resistance (melded)
Magical Staves
 y - a staff of death
Jewellery
 b - a ring of flight
 m - the ring "Paaduaf" {Fire +Blink Will+ Str+4 Dex-3}
   (You took it off a gnoll on level 2 of the Dungeon)

   [ring of fire]

   It enhances your fire magic.
   Str:       It affects your strength (+4).
   Dex:       It affects your dexterity (-3).
   rF:        It protects you from fire.
   rC:        It makes you vulnerable to cold.
   +Blink:    It lets you blink.
   Will:      It increases your willpower.
 t - an amulet of guardian spirit (around neck)
Wands
 u - a wand of flame (12)
 x - a wand of iceblast (4)
Scrolls
 f - a scroll of amnesia {unknown}
 i - 2 scrolls of blinking {unknown}
 j - a scroll of immolation {unknown}
 k - a scroll of enchant armour {unknown}
 n - 4 scrolls of identify {unknown}
 p - a scroll of enchant weapon {unknown}
 s - 2 scrolls of teleportation {unknown}
 v - a scroll of summoning {unknown}
 w - 2 scrolls of fog {unknown}
Potions
 d - 2 potions of might
 e - 2 potions of lignification
 g - 3 potions of curing {unknown}
 h - 3 potions of flight {unknown}
 l - 2 potions of heal wounds {unknown}
 o - a potion of berserk rage {unknown}
 q - 2 potions of invisibility {unknown}
 r - 2 potions of haste {unknown}
 A - a potion of brilliance {unknown}


   Skills:
 + Level 6.7 Fighting
 + Level 6.8 Long Blades
 + Level 6.8 Armour
 + Level 6.6 Dodging
 + Level 6.8 Shields


You had 7 spell levels left.
You didn't know any spells.
Your spell library contained the following spells:

 Spells                   Type           Power      Damage    Failure   Level
 Apportation              Tloc           0%         N/A       56%         1
 Kiss of Death            Conj/Necr      0%         2d5       56%         1
 Blink                    Tloc           0%         N/A       71%         2
 Confusing Touch          Hex            0%         N/A       90%         3
 Dispel Undead            Necr           0%         3d6       100%        4
 Manifold Assault         Tloc           0%         N/A       100%        4
 Alistair's Intoxication  Tmut/Pois      0%         N/A       100%        5
 Storm Form               Tmut/Air       0%         N/A       100%        7


Dungeon Overview and Level Annotations

Branches:
Dungeon (6/15)              Sewer (visited)
 Temple: D:4-7

Altars:
Ashenzari
Dithmenos
Hepliaklqana
Ru
Sif Muna

Shops:
D:4 (   D:5 =

Annotations:
D:6 Maggie


Innate Abilities, Weirdness & Mutations

You are a tree.
Your roots penetrate the ground, keeping you stationary.
You cannot be teleported.
You are immune to unholy pain and torment.
Your maximum health is greatly increased.
Your equipment is partially melded.
((You have a pair of horns on your head.))
((You reflexively headbutt those who attack you in melee.))


Message History

You cannot move.
Maggie shouts!
You slash the wight!
You destroy the wight!
You slash the orc!
You kill the orc!
An orc comes into view. It is wielding a +0 dagger.
You barely miss the wight.
The orc shouts!
You hear an angry hiss.
The wight hits you with a +0 hand axe.
* * * LOW HITPOINT WARNING * * *
You feel drained.
You slash the wight!
The wight is severely damaged.
The wight hits you but does no damage.
You closely miss the wight.
The wight is severely damaged.
The wight hits you but does no damage.
Maggie zaps a wand.
The mass of ice explodes!
The iceblast engulfs you.
* * * LOW HITPOINT WARNING * * *
The iceblast engulfs the wight.
The wight partially resists.
The wight is destroyed!
You hear a shout!
You slash the black bear!
The black bear is heavily wounded.
The black bear bites you but does no damage.
The black bear claws you but does no damage.
The black bear claws you.
* * * LOW HITPOINT WARNING * * *
You slash the black bear!
You kill the black bear!
An adder comes into view.
The hound bites you but does no damage.
The adder hisses angrily.
You slash the hound!
The hound is almost dead.
The hound bites you but does no damage. Maggie hits you but does no damage.
The orc priest calls down the wrath of Beogh upon you.
Beogh smites you!
You die...

. .. #. oo $#.# o##
....####.. #.S.....#
#......h
########?.o.# #####
#......#.##.###......
#.####.#..^zh♣@......
#.# #.###.####.##.##
#.# #.# #.# #.# .#
#.# #.###.# #.##.#
#.# #.....## #.##.#
#.# ####...###.##.##
#.# #........#.#...#
#.# #.##...#.#.....+
#.# #.#............#


You could see Maggie, a hound, a wight, an orc priest and an adder.

Vanquished Creatures
  Grinder (D:5)
  Sigmund (D:4)
  Eustachio (D:4)
  Menkaure (D:4)
  Duvessa (D:4)
  2 black bears
  An ogre (D:5)
  An ice beast (D:6)
  A necrophage (D:4)
  3 scorpions
  A wight (D:6)
  Dowan (D:4)
  A howler monkey (D:6)
  3 hounds
  2 jellies
  2 iguanas (D:4)
  A hell rat (Sewer)
  7 gnolls
  6 adders
  3 river rats
  3 worms
  2 dart slugs (D:4)
  8 orcs
  7 endoplasms
  4 giant cockroaches
  7 goblins
  7 hobgoblins
  11 jackals
  A quokka (D:3)
  7 ball pythons
  7 bats
  2 frilled lizards (D:1)
  3 kobolds
  6 rats
115 creatures vanquished.

Vanquished Creatures (others)
  A wight (D:6)
  2 fungi (D:1)
  A plant (D:1)
4 creatures vanquished.

Grand Total: 119 creatures vanquished

Notes
Turn   | Place    | Note
-------+----------+-------------------------------------------
     0 | D:1      | plokij the Minotaur Fighter began the quest for the Orb.
     0 | D:1      | Reached XP level 1. HP: 19/19 MP: 0/0
   278 | D:1      | Reached XP level 2. HP: 24/27 MP: 1/1
   384 | D:1      | Reached skill level 1 in Dodging
   434 | D:1      | Found a faded altar of an unknown god.
   707 | D:2      | Reached XP level 3. HP: 33/33 MP: 2/2
   995 | D:2      | Reached XP level 4. HP: 32/40 MP: 3/3
  1246 | D:2      | Identified the ring "Paaduaf" {Fire +Blink Will+ Str+4
                  | Dex-3}
  1546 | D:3      | Found a shimmering blue altar of Sif Muna.
  1616 | D:3      | Reached XP level 5. HP: 38/47 MP: 4/4
  1856 | D:3      | Found a glowing drain.
  1867 | Sewer    | Entered a sewer
  2440 | D:4      | Found a sacrificial altar of Ru.
  2442 | D:4      | Found Gefebriss's Antique Weapon Shop.
  2444 | D:4      | Noticed Duvessa
  2444 | D:4      | Noticed Dowan
  2469 | D:4      | Noticed Menkaure
  2588 | D:4      | Found a broken altar of Ashenzari.
  2655 | D:4      | Reached XP level 6. HP: 47/53 MP: 5/5
  2705 | D:4      | Killed Menkaure
  2706 | D:4      | Reached skill level 5 in Long Blades
  2728 | D:4      | Reached skill level 5 in Fighting
  2728 | D:4      | Reached skill level 5 in Armour
  2728 | D:4      | Reached skill level 5 in Shields
  2968 | D:4      | Killed Duvessa
  2969 | D:4      | Reached XP level 7. HP: 37/61 MP: 6/6
  2981 | D:4      | Killed Dowan
  3268 | D:4      | Noticed Sigmund
  3297 | D:4      | Killed Sigmund
  3540 | D:4      | Noticed a shadow
  3541 | D:4      | Found a shadowy altar of Dithmenos.
  3542 | D:4      | Found a hazy altar of Hepliaklqana.
  3551 | D:4      | Noticed Eustachio
  3594 | D:4      | Killed Eustachio
  3595 | D:4      | Reached skill level 5 in Dodging
  3771 | D:4      | Reached XP level 8. HP: 43/70 MP: 4/7
  4148 | D:5      | Entered Level 5 of the Dungeon
  4177 | D:5      | Found Utuxtum's Jewellery Shop.
  4555 | D:5      | Noticed Grinder
  4566 | D:5      | Paralysed by Grinder for 4 turns
  4572 | D:5      | Killed Grinder
  5280 | D:6      | Noticed Maggie
  5288 | D:6      | Killed from afar by an orc priest

Illustrated notes

Levels and vault maps discovered:
D:1:      heliophobic_arrival_dark_side_of_the_moon, layout_loops_ring,
          shapermc_ecumenical_altar_acropolis
D:2:      layout_loops_ring
D:3:      layout_loops_ring, mainiacjoe_overflow_cross_hatched,
          portal_sewer_entry_a, kennysheep_generic_room_12
D:4:      minmay_recursive_quarters, layout_rooms,
          riverfiend_overflow_shadow_ancestor, mainiacjoe_overflow_alcove_1,
          ashenzari_conservatory_becter, serial_shops, nicolae_diamond_shop,
          st_stairs_9, uniq_duvessa, uniq_eustachio, uniq_menkaure, uniq_sigmund
D:5:      layout_gridville, serial_shops, nicolae_shop_stone,
          kennysheep_generic_room_9, uniq_grinder
D:6:      layout_basic, uniq_maggie

Skill      XL: |  1  2  3  4  5  6  7  8 |
---------------+-------------------------+-----
Dodging        | 1 2 3 5 6 |  6.6
Long Blades    | 3 4 5 6 |  6.8
Fighting       | 4 5 6 |  6.7
Armour         | 4 5 6 |  6.8
Shields        | 4 5 6 |  6.8

Action                   |  1- 3 |  4- 6 |  7- 9 || total
-------------------------+-------+-------+-------++-------
Melee: Long sword        |    89 |   141 |   183 ||   413
       Headbutt          |    15 |    28 |    29 ||    72
  Use: Potion            |       |       |     2 ||     2
Armor: Scale mail        |    44 |    45 |    47 ||   136
       Ring mail         |       |       |    11 ||    11
       Skin              |       |       |     8 ||     8
Dodge: Dodged            |    36 |    53 |    93 ||   182
Block: Buckler           |    20 |    30 |    49 ||    99

Table legend: (Time is in decaauts)
 A = Elapsed time spent in this place.
 B = Non-inter-level travel time spent in this place.
 C = Inter-level travel time spent in this place.
 D = Time resting spent in this place.
 E = Time spent auto-exploring this place.
 F = Levels seen in this place.
 G = Mean time per level.
                   A        B        C        D        E       F      G
               +--------+--------+--------+--------+--------+-----+--------+
         Total |   5388 |   4764 |    624 |   1117 |   2535 |   7 |  769.7 |
       Dungeon |   5149 |   4525 |    624 |    984 |   2535 |   6 |  858.2 |
         Sewer |    239 |    239 |      0 |    133 |      0 |   1 |  239.0 |
               +--------+--------+--------+--------+--------+-----+--------+

Top non-repeatable levels by time:
     D:4: 1472 daAuts
     D:3: 998 daAuts
     D:5: 945 daAuts
     D:2: 821 daAuts
     D:1: 708 daAuts
   Sewer: 239 daAuts
     D:6: 203 daAuts
